[Event "Team 45 45 League T77"]
[Site "Internet Chess Club"]
[Date "2018.06.22"]
[Round "1"]
[White "rkjulianjr"]
[Black "mof63"]
[Result "1-0"]
[WhiteElo "1322"]
[BlackElo "1151"]
[Opening "QGD Slav defense: exchange variation"]
[ECO "D10"]
[Time "06:00:27"]
[TimeControl "2700+45"]

1. d4 d5 2. c4 c6 3. cxd5 cxd5 4. Bf4 Nc6 5. Nc3 Nf6 6. e3 Bf5 7. Qb3 Qd7 8. Nf3
e6 9. Ne5 Qc8 10. Bb5 a6 11. Bxc6+ bxc6 12. Qb6 c5 13. Qc6+ Qxc6 14. Nxc6 cxd4
15. Nxd4 Bg6 16. O-O Be7 17. Nc6 Kd7 18. Nxe7 Kxe7 19. Rac1 Rhc8 20. Bg5 h6 21.
Bxf6+ Kxf6 22. Rfd1 Ke7 23. Kf1 Ra7 24. f3 Rac7 25. Ke2 Rb8 26. Nxd5+ exd5 27.
Rxc7+ Kd6 28. Rcc1 Rxb2+ 29. Rd2 Rb6 30. Rcd1 Rb5 31. e4 f6 32. Rxd5+ Rxd5 33.
Rxd5+ Kc6 34. Ra5 Kb6 35. Ra3 Bf7 36. Kd2 a5 37. Kc2 Kb5 38. Kb2 Kb4 39. Rd3 Bc4
40. Rd7 Bf1 41. Rxg7 {Black resigns} 1-0

[Event "Team 45 45 League T77"]
[Site "Internet Chess Club"]
[Date "2018.06.23"]
[Round "1"]
[White "GiantsFan"]
[Black "oldprez1"]
[Result "1-0"]
[WhiteElo "1117"]
[BlackElo "1267"]
[Opening "King's Indian defense, 3.Nc3"]
[ECO "E61"]
[Time "19:08:23"]
[TimeControl "2700+45"]

1. d4 Nf6 2. c4 g6 3. Nc3 Bg7 4. Nf3 O-O 5. Bf4 d6 6. e3 Nc6 7. Be2 Re8 8. O-O
Nh5 9. Bg3 Nxg3 10. fxg3 e5 11. d5 Ne7 12. Qc2 Nf5 13. Qd3 Nh6 14. e4 f5 15. Nd2
c6 16. Rac1 Qb6+ 17. Kh1 cxd5 18. Qxd5+ Be6 19. Qb5 Qc7 20. Nd5 Bxd5 21. cxd5
Qe7 22. Qa5 b6 23. Qa3 Ng4 24. Bxg4 fxg4 25. Rc6 Bf8 26. Nc4 Red8 27. Rc1 Rac8
28. Ne3 Rxc6 29. Rxc6 Qd7 30. Kg1 Rc8 31. Rxc8 Qxc8 32. Qc3 Qxc3 33. bxc3 h5 34.
Nc4 Kf7 35. a4 Kf6 36. a5 b5 37. Na3 a6 38. Nc2 Bh6 39. Na3 Bd2 40. Nb1 Be3+ 41.
Kf1 Bc5 42. Ke2 b4 43. c4 b3 44. Kd2 Bb4+ 45. Kc1 Bxa5 46. Kb2 Bb6 47. Kxb3 Bg1
48. h3 gxh3 49. gxh3 Kg5 50. Kb4 Bf2 51. g4 h4 52. Nc3 Be1 53. Kb3 Bxc3 54. Kxc3
Kf4 55. c5 Kg5 56. c6 {Black resigns} 1-0

[Event "Team 45 45 League T77"]
[Site "Internet Chess Club"]
[Date "2018.06.21"]
[Round "1"]
[White "SeniorCitizen"]
[Black "dabodhi"]
[Result "0-1"]
[WhiteElo "1252"]
[BlackElo "1322"]
[Opening "Sicilian: Hungarian variation"]
[ECO "B27"]
[Time "15:00:43"]
[TimeControl "2700+45"]

1. e4 c5 2. Nf3 g6 3. Nc3 Nc6 4. Bb5 Bg7 5. Bxc6 bxc6 6. O-O Nf6 7. Re1 d6 8. h3
O-O 9. d3 e5 10. Be3 Re8 11. Qd2 Qb6 12. Rab1 d5 13. exd5 cxd5 14. Bh6 e4 15.
Bxg7 Kxg7 16. dxe4 dxe4 17. Ng5 Bb7 18. Qf4 Qc6 19. Qe3 h6 20. Ngxe4 Nxe4 21.
Nxe4 Rxe4 22. Qg3 Rae8 23. Red1 R8e6 24. Qc3+ Kh7 25. Qg3 R4e5 26. f4 Re3 27.
Qg4 h5 28. Qg5 f6 29. Rd7+ Qxd7 30. Qxc5 Qc6 31. Qxc6 Bxc6 {White resigns} 0-1

[Event "Team 45 45 League T77"]
[Site "Internet Chess Club"]
[Date "2018.06.24"]
[Round "1"]
[White "stantheman59"]
[Black "howah45"]
[Result "1-0"]
[WhiteElo "1203"]
[BlackElo "1040"]
[Opening "Ruy Lopez: classical defense, 4.c3"]
[ECO "C44"]
[Time "15:00:50"]
[TimeControl "2700+45"]

1. e4 e5 2. Nf3 Nc6 3. c3 Bc5 4. Bb5 a6 5. Bxc6 dxc6 6. Nxe5 Qe7 7. d4 Bd6 8.
Bf4 Nf6 9. Nd2 Bg4 10. Nxg4 Bxf4 11. Nxf6+ Qxf6 12. e5 Qh6 13. Nf3 Qg6 14. O-O
O-O 15. Re1 Rad8 16. Re2 c5 17. Qb3 Qb6 18. Qxb6 cxb6 19. Re4 Bh6 20. h3 Rfe8
21. Rd1 f6 22. e6 Kf8 23. d5 Ke7 24. c4 f5 25. Re5 Bf4 26. Rxf5 Bh6 27. Rf7+ Kd6
28. Rxb7 Rb8 29. Rd7# {Black checkmated} 1-0

[Event "Team 45 45 League T77"]
[Site "Internet Chess Club"]
[Date "2018.06.28"]
[Round "1"]
[White "oldbookseller"]
[Black "kingsrook"]
[Result "0-1"]
[WhiteElo "999"]
[BlackElo "1174"]
[Opening "Queen's pawn game"]
[ECO "D05"]
[Time "14:00:15"]
[TimeControl "2700+45"]

1. d4 d5 2. Nf3 e6 3. e3 Nf6 4. Bd3 Nbd7 5. Nbd2 Be7 6. O-O O-O 7. h3 c5 8. c4
b6 9. e4 Bb7 10. e5 Ne4 11. Bc2 Rc8 12. Re1 cxd4 13. Bd3 Qc7 14. Nxe4 dxc4 15.
Nxd4 cxd3 16. Qxd3 Nxe5 17. Qg3 Rfd8 18. Bh6 g6 19. Qf4 Nd7 20. Nf6+ Nxf6 21.
Nb5 Qxf4 22. Bxf4 a6 23. Na7 Ra8 24. Be3 Rxa7 25. Bxb6 Raa8 26. Rac1 Rdc8 27.
Rcd1 Bd5 28. Rd4 Bc5 29. Bxc5 Rxc5 30. Rf4 Kg7 31. Kh2 Bxa2 32. Re3 Nd5 33.
Rxf7+ Kxf7 34. Rf3+ {White resigns} 0-1

[Event "Team 45 45 League T77"]
[Site "Internet Chess Club"]
[Date "2018.06.23"]
[Round "1"]
[White "seattleblues"]
[Black "SuperPuzzler"]
[Result "0-1"]
[WhiteElo "1334"]
[BlackElo "1182"]
[Opening "Grünfeld: 5.Bf4"]
[ECO "D92"]
[Time "16:02:28"]
[TimeControl "2700+45"]

1. d4 Nf6 2. Nf3 g6 3. c4 Bg7 4. Nc3 d5 5. Bf4 c6 6. e3 Qb6 7. Qb3 Qxb3 8. axb3
Bf5 9. Nd2 Nbd7 10. c5 b6 11. b4 b5 12. Be2 a6 13. O-O O-O 14. Nb3 Nh5 15. Bc7
Nhf6 16. Na5 Rfe8 17. Bg3 Rec8 18. h3 Bh6 19. Bf3 Nh5 20. Bh2 Nhf6 21. Ne2 Be4
22. Bxe4 Nxe4 23. Nc3 Nd2 24. Rfd1 Nc4 25. b3 Nxa5 26. Rxa5 Ra7 27. Rda1 Rca8
28. Ne2 Nf6 29. Ng3 Nd7 30. Rd1 Nf6 31. Rd3 Rd7 32. Nf1 Ne4 33. f3 Nf6 34. Nd2
Ne8 35. f4 g5 36. fxg5 Bxg5 37. Nf3 Bf6 38. Bf4 Bg7 39. Nh4 Nf6 40. Nf5 Bf8 41.
Be5 Ne4 42. Ng3 Nxg3 43. Bxg3 f6 44. Ra2 Rda7 45. Ra5 Kf7 46. Rd2 Bh6 47. Bf4
Bxf4 48. exf4 Rg8 49. g4 f5 50. Rg2 fxg4 51. Rxg4 Rxg4+ 52. hxg4 Kg6 53. Kg2 h5
54. gxh5+ Kxh5 55. Kg3 e6 56. Kf3 Kh4 57. Ra1 Kh5 58. Rh1+ Kg6 59. Rh4 Rh7 60.
Rg4+ Kf6 61. Rg8 Rh3+ 62. Rg3 Rxg3+ 63. Kxg3 Kf5 64. Kf3 Kg6 65. Kg4 Kf6 66. Kf3
Kf5 67. Ke3 Kg4 68. Kd3 Kxf4 {White resigns} 0-1

[Event "Team 45 45 League T77"]
[Site "Internet Chess Club"]
[Date "2018.06.23"]
[Round "1"]
[White "henrychess99"]
[Black "renebonilla1969"]
[Result "1-0"]
[WhiteElo "1173"]
[BlackElo "1171"]
[Opening "Ruy Lopez: old Steinitz defense"]
[ECO "C62"]
[Time "13:59:07"]
[TimeControl "2700+45"]

1. e4 e5 2. Nf3 Nc6 3. Bb5 d6 4. d4 Bd7 5. d5 Nce7 6. Nc3 a6 7. Bxd7+ Qxd7 8.
O-O Ng6 9. Nd2 Nf6 10. Nb3 Be7 11. f4 exf4 12. Bxf4 Nxf4 13. Rxf4 g5 14. Rf5 h6
15. Qe2 Rg8 16. Raf1 Rg6 17. e5 dxe5 18. Qxe5 Ng4 19. Qh8+ Bf8 20. Re1+ {Black
resigns} 1-0

[Event "Team 45 45 League T77"]
[Site "Internet Chess Club"]
[Date "2018.06.25"]
[Round "1"]
[White "RubicCube"]
[Black "Graybeard"]
[Result "1-0"]
[WhiteElo "1125"]
[BlackElo "1001"]
[Opening "Scandinavian (center counter) defense"]
[ECO "B01"]
[Time "19:30:34"]
[TimeControl "2700+45"]

1. e4 d5 2. exd5 Qxd5 3. Nc3 Qa5 4. Nf3 Nf6 5. d4 Bg4 6. Bd3 a6 7. Bd2 Qb4 8. b3
Qxd4 9. Nxd4 Bxd1 10. Rxd1 e6 11. Ne4 Nbd7 12. Nxf6+ Nxf6 13. Ne2 Bd6 14. Nf4
O-O 15. Bc3 Bxf4 16. g3 Bd6 17. h4 Rfe8 18. h5 h6 19. Bxf6 gxf6 20. Be4 Rab8 21.
Rd3 f5 22. Bg2 e5 23. f3 e4 24. fxe4 Bxg3+ 25. Rxg3+ Kh7 26. Re3 Re5 27. Kf2 Rg8
28. Bf3 f4 29. Rc3 c6 30. Rh3 f5 31. exf5 Rxf5 32. Be4 Rg5 33. Rc5 Kg7 34. Rxf5
Rg3 35. Rxg3+ fxg3+ 36. Kxg3 {Black resigns} 1-0